 Dungeon Crawl Stone Soup version 0.28-a0-1080-g05a166d0ed (webtiles) character file.

Game seed: 4975255008810500107

12404 mainiacjoe the Spear-Bearer (level 11, -2/79 (92) HPs)
             Began as a Hill Orc Fire Elementalist on Dec 9, 2021.
             Was a High Priest of Okawaru.
             Killed from afar by Nergalle (17 damage)
             ... with a bolt of negative energy
             ... on level 10 of the Dungeon on Dec 10, 2021.
             The game lasted 00:55:33 (15500 turns).

mainiacjoe the Spear-Bearer (HOFE)                 Turns: 15500, Time: 00:55:33

HP:   -2/79 (92)    AC:  9    Str: 14    XL:     11   Next: 92%
MP:   12/18         EV: 10    Int: 17    God:    Okawaru [*****.]
Gold: 112           SH:  0    Dex: 11    Spells: 5/18 levels left

rFire   + + .      SeeInvis .   a - +2 bardiche (freeze)
rCold   x x .      Faith    .   (shield currently unavailable)
rNeg    . . .      Spirit   .   M - +0 ring mail
rPois   .          Reflect  .   N - +2 helmet
rElec   .          Harm     .   U - scarf {repulsion}
rCorr   .          Rampage  .   (no gloves)
Will    .....                   Z - +0 pair of boots {Stlth+}
Stlth   ++........              o - amulet of magic regeneration
HPRegen 0.23/turn               d - ring of fire
MPRegen 0.56/turn               h - ring of fire

@: heavily drained, repel missiles
A: mutation resistance 1
a: Renounce Religion, Heroism, Finesse, Duel


You were on level 10 of the Dungeon.
You worshipped Okawaru.
Okawaru was extremely pleased with you.
You visited 2 branches of the dungeon, and saw 11 of its levels.
You also visited: Sewer.

You collected 452 gold pieces.
You spent 340 gold pieces at shops.

Inventory:

Hand Weapons
 a - a +2 bardiche of freezing (weapon)
 b - a +0 shortbow
 p - a +1 glaive
 w - a +3 war axe of flaming
 P - a +3 trident of protection
Missiles
 k - 338 stones
 q - 57 poisoned darts (quivered)
 z - 101 arrows
 B - 5 javelins
 C - 70 bolts
 F - 63 sling bullets
 R - 5 boomerangs
Armour
 n - a +1 robe of resistance
 D - a +1 pair of boots
 I - a +0 leather armour
 M - a +0 ring mail (worn)
 N - a +2 helmet (worn)
 S - a +0 hat of intelligence
 U - a scarf of repulsion (worn)
 Z - a +0 pair of boots of stealth (worn)
Jewellery
 c - an amulet of the acrobat
 d - a ring of fire (left hand)
 h - a ring of fire (right hand)
 i - a ring of protection from cold
 o - an amulet of magic regeneration (around neck)
 E - a ring of willpower
 L - an amulet of regeneration
Wands
 r - a wand of polymorph (7)
 x - a wand of flame (28)
 G - a wand of iceblast (3)
 V - a wand of mindburst (11)
Scrolls
 g - a scroll of immolation
 l - 6 scrolls of teleportation
 t - 3 scrolls of fog
 u - a scroll of fear
 A - 4 scrolls of vulnerability
 J - 2 scrolls of amnesia
 T - a scroll of acquirement {unknown}
Potions
 e - a potion of berserk rage {unknown}
 f - 2 potions of lignification
 j - a potion of invisibility
 m - a potion of brilliance {unknown}
 s - a potion of mutation
 v - 5 potions of heal wounds
 H - 2 potions of attraction
 K - 2 potions of might
 O - a potion of magic {unknown}
 Q - a potion of ambrosia {unknown}
 W - a potion of curing
Miscellaneous
 X - a lightning rod (3/4)
 Y - a box of beasts


   Skills:
 + Level 7.4 Fighting
 * Level 12.3 Polearms
 - Level 1.5 Dodging
 - Level 1.5 Stealth
 - Level 4.0 Spellcasting
 - Level 5.0 Conjurations
 - Level 2.0 Hexes
 - Level 10.0 Fire Magic
 + Level 10.0 Invocations


You had 5 spell levels left.
You knew the following spells:

 Your Spells              Type           Power      Damage    Failure   Level
a - Foxfire               Conj/Fire      100%       2x1d9     1%          1
b - Scorch                Fire           100%       2d10      1%          2
c - Inner Flame           Hex/Fire       52%        N/A       9%          3
d - Flame Wave            Conj/Fire      60%        2d10      14%         4
z - Conjure Flame         Conj/Fire      60%        6-21      4%          3

Your spell library contained the following spells:

 Spells                   Type           Power      Damage    Failure   Level
 Apportation              Tloc           6%         N/A       32%         1
 Animate Skeleton         Necr           Unusable   N/A       N/A         1
 Summon Small Mammal      Summ           Unusable   N/A       N/A         1

Dungeon Overview and Level Annotations

Branches:
Dungeon (10/15)            Temple (1/1) D:5           Sewer (visited)
   Lair: D:8-11         Orc: D:9-12

Altars:
Ashenzari
Cheibriados
Dithmenos
Elyvilon
Fedhas
Gozag
Hepliaklqana
Kikubaaqudgha
Makhleb
Nemelex Xobeh
Okawaru
Qazlal
Ru
Sif Muna
Trog
Uskayaw
Vehumet
Wu Jian
Xom
Yredelemnul
Zin
The Shining One

Shops:
D:2 (   D:4 [

Annotations:
D:10 Nergalle


Innate Abilities, Weirdness & Mutations

You are somewhat resistant to further mutation.


Message History

The flame wave engulfs Nergalle.
Nergalle is moderately wounded.
The flame wave engulfs the spectral orc warrior but does no damage.
The spectral orc warrior is moderately damaged.
The flame wave engulfs the spectral orc warrior!
The spectral orc warrior is moderately damaged.
You finish channelling waves of flame.
Nergalle mutters something.
Nergalle hits you with a +0 dagger.
The spectral orc warrior hits you with a +0 short sword.
You feel drained.
The spectral orc knight hits you with a +0 great sword.
The spectral orc warrior misses you.
You hit Nergalle. You freeze Nergalle.
Nergalle is heavily wounded.
Nergalle casts a spell at you. The bolt of negative energy hits you!!!
You feel drained.
The spectral orc warrior hits you with a +0 short sword.
You feel drained.
The spectral orc knight hits you with a +0 great sword!
The spectral orc warrior hits you from afar with a +0 glaive!
* * * LOW HITPOINT WARNING * * *
Nergalle hits you with a +0 dagger.
* * * LOW HITPOINT WARNING * * *
Unknown command.
You feel much better.
The spectral orc warrior barely misses you.
The spectral orc knight hits you with a +0 great sword.
The spectral orc warrior hits you from afar with a +0 glaive!
* * * LOW HITPOINT WARNING * * *
Nergalle points at you and mumbles some strange words.
Orcish apparitions take form around you.
Blink to where?
Press: ? - help, Dir - move target
As you read the scroll of blinking, it crumbles to dust.
Nergalle casts a spell at something.
You open the door. Nergalle casts a spell at you.
The bolt of negative energy hits you!
You feel drained.
You die...

...##....).....<.............#
.............................#
..............................
............................##
#######'#####################.
................... #.
>................ #.
..##+####..###'###### #. ≈###
##..#.@....... #. .≈≈##
#...#.####.... .. ≈...≈≈#
#...#.# .## #..
≈..#≈≈≈###...#o####..##
≈...#.≈≈##'###Z........
#.≈≈≈##...ZoZZ.#
≈≈#.≈≈≈≈#.######Z#
≈....≈o≈≈.........#
.....≈≈≈≈#........#


You could see Nergalle, 2 spectral orc warriors and an orc warrior (inner
flame).

Vanquished Creatures
  Gastronok (D:8)
  A boulder beetle (D:9)
  2 two-headed ogres (D:9)
  A centaur warrior (D:9)
  Pikel (D:6)
  An ugly thing (D:9)
  A manticore (D:9)
  2 rust devils (D:9)
  Joseph (D:8)
  A gargoyle (D:10)
  A tengu conjurer (D:9)
  A troll (D:9)
  3 hornets
  Prince Ribbit (D:7)
  7 yaks (D:9)
  2 vampires
  2 wraiths
  A basilisk (D:9)
  2 steam dragons
  Menkaure (D:6)
  2 water moccasins
  A hornet zombie (D:5)
  3 orc warriors
  2 ice beasts (D:5)
  2 ogres
  3 centaurs
  3 phantoms
  3 kobold brigands
  3 bullfrogs
  A gnoll sergeant (D:7)
  7 killer bees (D:8)
  2 howler monkeys
  3 bullfrog skeletons
  A bullfrog zombie (D:6)
  2 hounds
  2 orc priests (D:8)
  2 gnoll shamans
  A jelly (D:6)
  A centaur skeleton (D:5)
  2 iguanas
  6 orc wizards
  A killer bee zombie (D:6)
  A hound skeleton (D:5)
  3 howler monkey zombies
  10 gnolls
  2 howler monkey skeletons
  10 adders
  3 river rats
  3 white imps
  3 ufetubi
  2 worms
  2 dart slugs
  9 orcs
  9 ball pythons
  7 endoplasms
  10 giant cockroaches
  7 goblins
  10 hobgoblins
  2 jackals (D:3)
  7 quokkas
  4 bats
  4 frilled lizards
  16 kobolds
  6 rats
216 creatures vanquished.

Vanquished Creatures (others)
  445 foxfires
445 creatures vanquished.

Grand Total: 661 creatures vanquished

Notes
Turn   | Place    | Note
-------+----------+-------------------------------------------
     0 | D:1      | mainiacjoe the Hill Orc Fire Elementalist began the quest
                  | for the Orb.
     0 | D:1      | Reached XP level 1. HP: 14/14 MP: 3/3
   418 | D:1      | Reached XP level 2. HP: 20/20 MP: 2/4
   421 | D:1      | Learned a level 2 spell: Scorch
  1019 | D:1      | You fall into a shaft and drop 1 floor!
  1040 | D:2      | Reached XP level 3. HP: 26/26 MP: 1/6
  1044 | D:2      | Learned a level 3 spell: Conjure Flame
  1267 | D:1      | Reached skill level 1 in Hexes
  1736 | D:2      | Found Newnuf Koib's Weapon Shop.
  2016 | D:2      | Found a faded altar of an unknown god.
  2184 | D:2      | Found a shimmering blue altar of Sif Muna.
  2268 | D:2      | Reached XP level 4. HP: 33/33 MP: 7/7
  2627 | D:3      | Found a glowing drain.
  2816 | Sewer    | Entered a sewer
  2833 | Sewer    | Reached XP level 5. HP: 38/38 MP: 5/8
  2869 | Sewer    | Learned a level 3 spell: Inner Flame
  3030 | Sewer    | Noticed a kobold brigand
  3043 | Sewer    | Killed a kobold brigand
  3044 | Sewer    | Reached skill level 5 in Fire Magic
  3245 | Sewer    | Gained mutation: You are somewhat resistant to further
                  | mutation. [potion of mutation]
  3307 | D:3      | Reached XP level 6. HP: 45/45 MP: 7/10
  3882 | D:4      | Found Refalios's Antique Armour Shop.
  3984 | D:4      | Noticed Ijyb
  3986 | D:4      | Noticed Ijyb
  3986 | D:4      | Ijyb changed into Ijyb the river rat
  3990 | D:4      | Killed Ijyb the river rat
  4124 | D:2      | Bought a +0 trident for 35 gold pieces
  4536 | D:5      | Entered Level 5 of the Dungeon
  4584 | D:4      | Reached skill level 1 in Polearms
  4624 | D:5      | Reached XP level 7. HP: 50/50 MP: 9/11
  5062 | D:5      | Reached skill level 2 in Polearms
  5236 | D:5      | Found a staircase to the Ecumenical Temple.
  5252 | D:5      | Reached XP level 8. HP: 57/57 MP: 4/12
  5257 | D:5      | Learned a level 4 spell: Flame Wave
  5287 | D:5      | Reached skill level 3 in Polearms
  5300 | Temple   | Entered the Ecumenical Temple
  5530 | Temple   | Became a worshipper of Warmaster Okawaru
  5723 | D:5      | Noticed a hornet
  5738 | D:5      | Killed a hornet
  5739 | D:5      | Reached skill level 1 in Invocations
  6389 | D:6      | Found a white marble altar of Elyvilon.
  6630 | D:6      | Noticed Pikel
  6646 | D:6      | Killed Pikel
  6646 | D:6      | Reached * piety under Okawaru
  6647 | D:6      | Reached skill level 5 in Polearms
  6647 | D:6      | Reached XP level 9. HP: 44/62 MP: 3/15
  7389 | D:6      | Noticed Menkaure
  7392 | D:6      | Killed Menkaure
  7393 | D:6      | Reached skill level 6 in Polearms
  7793 | D:2      | Bought a +0 glaive for 65 gold pieces
  8287 | D:7      | Reached ** piety under Okawaru
  8461 | D:7      | Noticed Prince Ribbit
  8465 | D:7      | Killed Prince Ribbit
  8466 | D:7      | Reached skill level 5 in Invocations
  8598 | D:7      | Reached skill level 7 in Polearms
  9097 | D:7      | Reached skill level 5 in Conjurations
  9456 | D:8      | Reached skill level 1 in Fighting
  9466 | D:8      | Reached XP level 10. HP: 72/72 MP: 4/16
  9521 | D:8      | Noticed Gastronok
  9535 | D:8      | Noticed Joseph
  9540 | D:8      | Killed Gastronok
  9540 | D:8      | Reached *** piety under Okawaru
  9540 | D:8      | Received a gift from Okawaru
  9541 | D:8      | Reached skill level 8 in Polearms
  9934 | D:8      | Killed Joseph
  9935 | D:8      | Reached skill level 9 in Polearms
 10911 | D:4      | Bought an embroidered scarf for 240 gold pieces
 11838 | D:9      | Reached **** piety under Okawaru
 11843 | D:9      | Reached skill level 10 in Fire Magic
 11845 | D:9      | Reached skill level 10 in Polearms
 11845 | D:9      | Reached XP level 11. HP: 67/85 MP: 15/17
 12023 | D:9      | Noticed a two-headed ogre
 12035 | D:9      | Killed a two-headed ogre
 12036 | D:9      | Reached skill level 5 in Fighting
 12060 | D:9      | Noticed a two-headed ogre
 12067 | D:9      | Killed a two-headed ogre
 12067 | D:9      | Reached ***** piety under Okawaru
 12136 | D:9      | Reached skill level 11 in Polearms
 12141 | D:9      | Noticed a boulder beetle
 12150 | D:9      | Killed a boulder beetle
 12280 | D:9      | Noticed a manticore
 12288 | D:9      | Killed a manticore
 12354 | D:9      | Noticed a cyan ugly thing
 12445 | D:9      | Noticed a centaur warrior
 12465 | D:9      | Killed a cyan ugly thing
 13034 | D:9      | Killed a centaur warrior
 13345 | D:9      | Identified the +4 hunting sling of Yrchigip {freeze, rElec}
 14309 | D:9      | Received a gift from Okawaru
 14310 | D:9      | Reached skill level 12 in Polearms
 14519 | D:10     | Entered Level 10 of the Dungeon
 15180 | D:10     | Reached skill level 10 in Invocations
 15488 | D:10     | Noticed Nergalle
 15500 | D:10     | Killed from afar by Nergalle

Illustrated notes

Levels and vault maps discovered:
D:1:      minmay_arrival_shattered_statue, layout_loops_corners
D:2:      layout_rooms, basic_altar, ebering_ecumenical_altar_mist,
          serial_shops, nicolae_shop_bloodbath_and_beyond, minivault_14,
          moated_statue, hangedman_decor_peaks_small, minmay_tree_intersection,
          kennysheep_generic_room_6
D:3:      layout_loops_corners, gup_sewer_entry_glass
D:4:      layout_gridville, serial_shops, shop, minmay_misc_feat_square,
          uniq_ijyb
D:5:      layout_basic, minmay_temple_entry_offerings, grunt_ministairs_11,
          minmay_between
D:6:      layout_loops_corners, elyvilon_altar_5, uniq_menkaure, uniq_pikel
D:7:      layout_basic, uniq_prince_ribbit1
D:8:      cheibrodos_iron_armory, layout_loops_ring, uniq_gastronok, uniq_joseph
D:9:      minmay_the_grid_triangle_9x9_rhombus_thin
          [minmay_the_grid_triangle_9x9_pentomino_pain,
          minmay_the_grid_triangle_9x9_prize_center,
          minmay_the_grid_triangle_9x9_zippers_horizontal,
          minmay_the_grid_triangle_9x9_steps], layout_small_grid
D:10:     layout_stronghold, zombieorc2_lemuel,
          hellmonk_guarded_unrand_seven_league_boots, uniq_erica, uniq_nergalle
Temple:   mainiacjoe_temple_archimedes_tessellation

Skill      XL: |  1  2  3  4  5  6  7  8  9 10 11 |
---------------+----------------------------------+-----
Spellcasting   | 2 3 4 |  4.0
Hexes          | 1 2 |  2.0
Fire Magic     | 4 5 6 8 9 10 | 10.0
Conjurations   | 2 3 4 5 |  5.0
Polearms       | 1 2 5 7 10 12 | 12.3
Invocations    | 2 5 7 10 | 10.0
Fighting       | 1 4 7 |  7.4
Dodging        | |  1.5
Stealth        | |  1.5

Action                   |  1- 3 |  4- 6 |  7- 9 | 10-12 || total
-------------------------+-------+-------+-------+-------++-------
Melee: Dagger            |     8 |       |       |       ||     8
       Hand axe          |     1 |       |       |       ||     1
       Spear             |       |    11 |       |       ||    11
       Trident           |       |     2 |    23 |    35 ||    60
       Glaive            |       |       |    56 |    54 ||   110
       Bardiche          |       |       |       |     8 ||     8
       Punch             |       |       |       |     1 ||     1
 Fire: Shortbow          |       |       |     1 |    12 ||    13
Throw: Dart              |       |       |     1 |     8 ||     9
 Cast: Foxfire           |    58 |    68 |    83 |    62 ||   271
       Scorch            |    12 |    21 |    54 |    63 ||   150
       Conjure Flame     |       |     2 |    21 |     8 ||    31
       Flame Wave        |       |       |     1 |    10 ||    11
       Inner Flame       |       |       |       |    13 ||    13
Invok: Heroism           |       |       |     1 |     3 ||     4
       Finesse           |       |       |       |     2 ||     2
Evoke: Wand              |       |     2 |     3 |     9 ||    14
       Lightning rod     |       |       |       |     1 ||     1
  Use: Scroll            |     2 |     4 |     7 |     7 ||    20
       Potion            |       |     1 |     1 |     3 ||     5
 Stab: Sleeping          |       |       |     1 |       ||     1
Armor: Robe              |     6 |     9 |    28 |       ||    43
       Leather armour    |       |     2 |    10 |       ||    12
       Ring mail         |       |       |       |    46 ||    46
Dodge: Dodged            |    23 |    23 |    42 |    77 ||   165
       Repelled          |       |       |       |     2 ||     2

Table legend: (Time is in decaauts)
 A = Elapsed time spent in this place.
 B = Non-inter-level travel time spent in this place.
 C = Inter-level travel time spent in this place.
 D = Time resting spent in this place.
 E = Time spent auto-exploring this place.
 F = Levels seen in this place.
 G = Mean time per level.
                   A        B        C        D        E       F      G
               +--------+--------+--------+--------+--------+-----+--------+
         Total |  15624 |  14083 |   1541 |   3177 |   8056 |  12 | 1302.0 |
       Dungeon |  14839 |  13327 |   1512 |   3070 |   7598 |  10 | 1483.9 |
        Temple |    260 |    231 |     29 |      0 |    204 |   1 |  260.0 |
         Sewer |    524 |    524 |      0 |    107 |    254 |   1 |  524.0 |
               +--------+--------+--------+--------+--------+-----+--------+

Top non-repeatable levels by time:
     D:9: 2854 daAuts
     D:7: 2027 daAuts
     D:8: 1993 daAuts
     D:1: 1517 daAuts
     D:5: 1474 daAuts
     D:6: 1394 daAuts
     D:4: 1065 daAuts
     D:3: 1052 daAuts
     D:2: 972 daAuts
   Sewer: 524 daAuts
    D:10: 488 daAuts
  Temple: 260 daAuts
